 Dungeon Crawl Stone Soup version 0.31-a0-152-g6aa68a64a1 (webtiles) character file.

Game seed: 2110331962664267647

532 qw the Skirmisher (level 7, -4/61 HPs)
             Began as a Minotaur Hunter on June 10, 2023.
             Slain by a gnoll sergeant
             ... wielding a +5 spear of venom
              (11 damage)
             ... on level 5 of the Dungeon.
             The game lasted 00:01:32 (3559 turns).

qw the Skirmisher (Minotaur Hunter)                 Turns: 3559, Time: 00:01:32

Health: -4/61      AC:  6    Str: 16    XL:     7   Next: 3%
Magic:  6/6        EV: 11    Int:  6    God:
Gold:   188        SH:  0    Dex: 15    Spells: 6/6 levels left

rFire   + + .        Y - +0 shortbow
rCold   + . .        (shield currently unavailable)
rNeg    . . .        i - +0 ring mail
rPois   .            (helmet restricted)
rElec   .            b - scarf {rC+ rF+}
rCorr   +            f - +0 pair of gloves
SInv    .            (no boots)
Will    .....        (no amulet)
Stlth   +            c - ring of resist corrosion
HPRegen 0.30/turn    j - ring of protection from fire
MPRegen 0.10/turn

%: no passive effects
@: lethally poisoned (-4 -> -27)
A: horns 2, retaliatory headbutt
a: no special abilities


You were on level 5 of the Dungeon.
You visited 1 branch of the dungeon, and saw 5 of its levels.

You collected 188 gold pieces.


Innate Abilities, Weirdness & Mutations

You have a pair of horns on your head.
You reflexively headbutt those who attack you in melee.


   Skills:
 - Level 5.1 Fighting
 + Level 8.0 Ranged Weapons
 - Level 2.1 Armour
 - Level 2.1 Dodging
 - Level 0.7 Stealth


You had 6 spell levels left.
You didn't know any spells.
Your spell library was empty.

Inventory:

Hand Weapons
 Y - a +0 shortbow (weapon)
Armour
 b - a scarf of resistance (worn)
 f - a +0 pair of gloves (worn)
 g - a +0 cloak
 i - a +0 ring mail (worn)
Jewellery
 c - a ring of resist corrosion (left hand)
 j - a ring of protection from fire (right hand)
Scrolls
 a - a scroll of identify
Potions
 d - a potion of haste
 l - a potion of invisibility {unknown}
 m - a potion of might {unknown}

Dungeon Overview and Level Annotations

Branches:
Dungeon (5/15)
 Temple: D:4-7

Altars:
Sif Muna


Message History

You shoot an arrow. The arrow hits the gnoll.
The gnoll is almost dead.
The gnoll hits you with a +0 club.
The gnoll sergeant hits you but does no damage.
You shoot an arrow. The arrow hits the gnoll!
You kill the gnoll!
The gnoll sergeant closely misses you.
Your Armour skill increases to level 2!
You have reached level 7!
You shoot an arrow. The arrow barely misses the gnoll.
The arrow closely misses the gnoll sergeant.
The arrow barely misses the gnoll.
The gnoll closely misses you. The gnoll sergeant barely misses you.
You shoot an arrow. The arrow hits the gnoll.
The gnoll is lightly wounded.
The gnoll hits you but does no damage. The gnoll hits you with a +0 whip.
The gnoll sergeant barely misses you.
The gnoll hits you from afar with a +0 spear.
The gnoll sergeant hits you from afar with a +5 spear of venom!
You are poisoned.
The gnoll barely misses you.
You shoot an arrow. The arrow hits the gnoll!
The gnoll is severely wounded.
You feel very sick.
The gnoll hits you from afar with a +0 spear.
The gnoll closely misses you. You furiously retaliate!
You headbutt the gnoll.
The gnoll sergeant hits you from afar with a +5 spear of venom!
You are more poisoned.
You shoot an arrow. The arrow hits the gnoll.
You kill the gnoll!
You feel very sick. The gnoll hits you but does no damage.
The gnoll sergeant hits you from afar with a +5 spear of venom.
You are lethally poisoned!
You shoot an arrow. The arrow hits the gnoll!
The gnoll is severely wounded.
You feel extremely sick.
The gnoll hits you from afar with a +0 spear.
The gnoll hits you with a +0 club.
The gnoll sergeant hits you from afar with a +5 spear of venom!
You die... #........#.. #...........#........# ...........+.........+ ###.....### ......... ##.#.## ....... #.### ..... #.# gg.

#.# #g# #.##
#@# #..# #.#
##.# ##.#######
#.# ##.........
#.#
#####.....#####
#.# #....>...##
#.####.#####.##
#......# ###
########


You could see a gnoll sergeant and 2 gnolls.

Vanquished Creatures
  A phantom (D:5)
  Blork the orc (D:4)
  2 orc priests (D:4)
  Natasha (thrice) (D:2)
  2 iguanas
  Robin (D:3)
  3 gnolls
  5 adders
  An ufetubus (D:5)
  2 worms
  5 dart slugs
  12 orcs
  4 endoplasms
  4 giant cockroaches
  13 goblins
  13 hobgoblins
  6 kobolds
  4 quokkas
  5 ball pythons
  5 bats
  2 frilled lizards (D:1)
  2 rats (D:1)
96 creatures vanquished.

Notes
Turn   | Place    | Note
-------+----------+-------------------------------------------
     0 | D:1      | qw the Minotaur Hunter began the quest for the Orb.
     0 | D:1      | Reached XP level 1. HP: 18/18 MP: 0/0
     0 | D:1      | 0 ||| qw: Version: 0.2-a-123-gb51047a
     0 | D:1      | 0 ||| qw: Game counter: 3681
     0 | D:1      | 0 ||| qw: Always use a shield: true
     0 | D:1      | 0 ||| qw: God list: Okawaru
     0 | D:1      | 0 ||| qw: Allow faded altars: false
     0 | D:1      | 0 ||| qw: Do Orc after D:15 true
     0 | D:1      | 0 ||| qw: Do second Lair branch before Depths: true
     0 | D:1      | 0 ||| qw: Lair rune preference: random
     0 | D:1      | 0 ||| qw: Plans: Normal
     0 | D:1      | 0 ||| PLANNING D:1-11
   141 | D:1      | 141 ||| FLEEEEING.
   176 | D:1      | Reached XP level 2. HP: 25/25 MP: 1/1
   268 | D:1      | Reached skill level 5 in Ranged Weapons
   535 | D:1      | 535 ||| UPGRADING to +0 ring mail.
   545 | D:1      | 545 ||| DROPPING +0 leather armour.
   546 | D:1      | 546 ||| READING 2 scrolls labelled DUICAL BOHUAZU.
   547 | D:1      | 547 ||| READING scroll labelled LEN LYSHRAFF.
   548 | D:1      | 548 ||| READING scroll labelled WADDOC FEMOT.
   549 | D:1      | 549 ||| READING scroll labelled ODITYL WOCEGG.
   553 | D:1      | 553 ||| DROPPING scroll of butterflies.
   690 | D:2      | Reached XP level 3. HP: 30/30 MP: 2/2
   843 | D:2      | Reached skill level 1 in Armour
   848 | D:2      | Noticed Natasha
   856 | D:2      | Killed Natasha
   857 | D:2      | Reached skill level 3 in Fighting
   955 | D:2      | Noticed Natasha
   970 | D:2      | Killed Natasha
   971 | D:2      | Reached XP level 4. HP: 20/40 MP: 3/3
  1150 | D:2      | Noticed Natasha
  1151 | D:2      | 1151 ||| Stepping ~*~*~tactically~*~*~ (outnumbered).
  1153 | D:2      | 1153 ||| Stepping ~*~*~tactically~*~*~ (outnumbered).
  1155 | D:2      | 1155 ||| Stepping ~*~*~tactically~*~*~ (outnumbered).
  1164 | D:2      | 1164 ||| Stepping ~*~*~tactically~*~*~ (outnumbered).
  1165 | D:2      | 1165 ||| Stepping ~*~*~tactically~*~*~ (outnumbered).
  1170 | D:2      | Killed Natasha
  1171 | D:2      | Reached skill level 6 in Ranged Weapons
  1178 | D:2      | 1178 ||| FLEEEEING.
  1179 | D:2      | 1179 ||| FLEEEEING.
  1180 | D:2      | 1180 ||| FLEEEEING.
  1181 | D:2      | 1181 ||| FLEEEEING.
  1182 | D:2      | 1182 ||| FLEEEEING.
  1183 | D:2      | 1183 ||| FLEEEEING.
  1184 | D:2      | 1184 ||| FLEEEEING.
  1185 | D:2      | 1185 ||| FLEEEEING.
  1186 | D:2      | 1186 ||| FLEEEEING.
  1187 | D:2      | 1187 ||| FLEEEEING.
  1188 | D:2      | 1188 ||| FLEEEEING.
  1189 | D:2      | 1189 ||| FLEEEEING.
  1190 | D:2      | 1190 ||| FLEEEEING.
  1191 | D:2      | 1191 ||| FLEEEEING.
  1193 | D:2      | 1193 ||| FLEEEEING.
  1194 | D:2      | 1194 ||| FLEEEEING.
  1195 | D:2      | 1195 ||| FLEEEEING.
  1334 | D:2      | 1334 ||| UPGRADING to scarf of resistance.
  1339 | D:2      | 1339 ||| UPGRADING to +0 pair of gloves.
  1344 | D:2      | 1344 ||| UPGRADING to ring of resist corrosion.
  1345 | D:2      | 1345 ||| READING scroll labelled XEHIESCH FENOA.
  1346 | D:2      | 1346 ||| READING 2 scrolls of identify.
  1346 | D:2      | 1346 ||| IDENTIFYING viscous emerald potion
  1347 | D:2      | 1347 ||| DROPPING potion of enlightenment.
  1463 | D:3      | Reached XP level 5. HP: 46/46 MP: 4/4
  1708 | D:3      | 1708 ||| READING scroll labelled QIDDORGHOIDU.
  1777 | D:3      | Noticed Robin
  1793 | D:3      | Killed Robin
  1794 | D:3      | 1794 ||| FLEEEEING.
  1795 | D:3      | 1795 ||| FLEEEEING.
  1796 | D:3      | 1796 ||| FLEEEEING.
  1797 | D:3      | 1797 ||| FLEEEEING.
  1798 | D:3      | 1798 ||| FLEEEEING.
  1799 | D:3      | 1799 ||| FLEEEEING.
  1800 | D:3      | 1800 ||| FLEEEEING.
  1801 | D:3      | 1801 ||| FLEEEEING.
  1802 | D:3      | 1802 ||| FLEEEEING.
  1804 | D:3      | 1804 ||| FLEEEEING.
  1805 | D:3      | 1805 ||| FLEEEEING.
  1807 | D:3      | 1807 ||| FLEEEEING.
  2415 | D:3      | 2415 ||| DRINKING 2 sapphire potions.
  2445 | D:4      | Noticed Blork the orc
  2462 | D:4      | HP: 11/46 [Blork the orc/+0 hand axe (6)]
  2463 | D:4      | 2463 ||| READING scroll of teleportation.
  2463 | D:4      | HP: 5/46 [Blork the orc/+0 hand axe (2)]
  2464 | D:4      | 2464 ||| DRINKING potion of heal wounds.
  2637 | D:4      | Found a shimmering blue altar of Sif Muna.
  2687 | D:4      | 2687 ||| Stepping ~*~*~tactically~*~*~ (outnumbered).
  2697 | D:4      | Reached skill level 7 in Ranged Weapons
  2703 | D:4      | Reached XP level 6. HP: 35/52 MP: 5/5
  2818 | D:4      | Killed Blork the orc
  3059 | D:4      | Reached skill level 8 in Ranged Weapons
  3320 | D:4      | 3320 ||| UPGRADING to ring of protection from fire.
  3321 | D:4      | 3321 ||| READING scroll labelled NESAFOG NICVE.
  3322 | D:4      | 3322 ||| READING scroll labelled UMOTTO LUOLU.
  3323 | D:4      | 3323 ||| READING 2 scrolls of identify.
  3323 | D:4      | 3323 ||| IDENTIFYING golden potion
  3324 | D:4      | 3324 ||| DROPPING potion of brilliance.
  3334 | D:5      | Entered Level 5 of the Dungeon
  3345 | D:5      | 3345 ||| STAIRDANCE
  3555 | D:5      | Reached XP level 7. HP: 57/61 MP: 6/6
  3559 | D:5      | HP: 13/61 [poisoned by a gnoll sergeant]
  3559 | D:5      | Slain by a gnoll sergeant

Levels and vault maps discovered:
D:1:      minmay_arrival_glassed_features, layout_basic
D:2:      layout_basic, hangedman_abyss_or_decor_stabs, guppyfry_early_orc_mine,
          uniq_natasha
D:3:      layout_basic, grunt_decor_cap, uniq_robin
D:4:      layout_loops_ring, nicolae_sif_muna_condensation, uniq_blork_the_orc
D:5:      layout_loops_corners, okawaru_metal_pillars_1_2, kennysheep_diamond,
          hangedman_decor_peaks_small, minmay_misc_feat_four_crosses,
          hangedman_glass_teeth, grunt_ministairs_6

Skill      XL: |  1  2  3  4  5  6 |
---------------+-------------------+-----
Ranged Weapons | 5 6 7 8 |  8.0
Armour         | 1 2 |  2.1
Fighting       | 3 4 5 |  5.1
Dodging        | |  2.1
Stealth        | |  0.7

Action                     |  1- 3 |  4- 6 |  7- 9 || total
---------------------------+-------+-------+-------++-------
   Fire: Shortbow          |    86 |   237 |     5 ||   328
    Use: Scroll            |     4 |     7 |       ||    11
         Potion            |       |     2 |       ||     2
 Armour: Ring mail         |    11 |    52 |     2 ||    65
         Leather armour    |     2 |       |       ||     2
  Dodge: Dodged            |    21 |    87 |     5 ||   113

Table legend:
 A = Non-vault XP
 B = Vault XP
 C = Vault XP percentage of total XP
 D = Non-vault monster count
 E = Vault monster count
 F = Vault count percentage of total count
                 A         B        C        D         E       F
            +---------+---------+-------+---------+---------+-------
      Total |     462 |     298 |  39.2 |      72 |      24 |  25.0
            +---------+---------+-------+---------+---------+-------
        D:1 |      38 |       0 |   0.0 |      16 |       0 |   0.0
        D:2 |      85 |      53 |  38.4 |      10 |       8 |  44.4
        D:3 |      65 |      35 |  35.0 |      20 |      11 |  35.5
        D:4 |     202 |     100 |  33.1 |      22 |       1 |   4.3
        D:5 |      72 |     110 |  60.4 |       4 |       4 |  50.0
            +---------+---------+-------+---------+---------+-------
